 Dungeon Crawl Stone Soup version 0.22-a0-247-gbddf880757 (webtiles) character file.

77 NooBeakApe the Skirmisher (level 4, 0/49 HPs)
             Began as an Ogre Abyssal Knight on Feb 27, 2018.
             Was a Follower of Lugonu.
             Slain by a bat (1 damage)
             ... on level 2 of the Dungeon.
             The game lasted 00:04:54 (1350 turns).

NooBeakApe the Skirmisher (Ogre Abyssal Knight)     Turns: 1350, Time: 00:04:55

Health: 0/49       AC:  3    Str: 16    XL:     4   Next: 33%
Magic:  6/6        EV: 16    Int: 13    God:    Lugonu [*.....]
Gold:   72         SH:  0    Dex: 14    Spells: 3/3 levels left

rFire    . . .     SeeInvis .   a - +1 spear
rCold    . . .     Gourm    .   (no shield)
rNeg     . . .     Faith    .   b - +0 robe
rPois    .         Spirit   .   (helmet restricted)
rElec    .         Reflect  .   (no cloak)
rCorr    .         Harm     .   (gloves unavailable)
MR       .....                  (boots unavailable)
Stlth    ++........             (no amulet)
HPRegen  0.16/turn              l - +3 ring of strength
MPRegen  0.10/turn              s - -3 ring of strength (curse)

@: agile, lethally poisoned (0 -> -5)
A: large, unfitting armour, tough skin 1
a: Depart the Abyss, Renounce Religion


You were on level 2 of the Dungeon.
You worshipped Lugonu.
Lugonu was aware of your devotion.
You were hungry.

You visited 1 branch of the dungeon, and saw 2 of its levels.
You visited the Abyss 1 time.

You collected 72 gold pieces.

Inventory:

Hand Weapons
 a - a +1 spear (weapon)
Armour
 b - a +0 robe (worn)
Jewellery
 l - a +3 ring of strength (left hand)
 q - a cursed amulet of inaccuracy {unknown}
 s - a cursed -3 ring of strength (right hand)
Wands
 d - a wand of polymorph (14)
Scrolls
 e - 3 scrolls of enchant armour {unknown}
 g - 2 scrolls of remove curse {unknown}
 i - a scroll of immolation {unknown}
 p - a scroll of identify {unknown}
 r - a scroll of teleportation {unknown}
Potions
 n - a potion of haste
 o - a potion of brilliance
Comestibles
 c - 8 rations
 h - 5 chunks of flesh


   Skills:
 + Level 4.5 Fighting
 * Level 3.0 Polearms
 + Level 2.5 Dodging
 * Level 3.2 Invocations


You had 3 spell levels left.
You didn't know any spells.

Dungeon Overview and Level Annotations

Branches:
Dungeon (2/15)

Altars:
Dithmenos


Innate Abilities, Weirdness & Mutations

You are too large for most types of armour.
You have tough skin. (AC +1)


Message History

The adder poisons you!
A kobold comes into view. It is wielding a dagger.
You miss the adder.
You feel sick.
The kobold shouts!
The adder closely misses you. The bat barely misses you. The adder bites you.
* * * LOW HITPOINT WARNING * * *
You are lethally poisoned!
The adder poisons you!
You completely miss the adder.
* * * LOW HITPOINT WARNING * * *
You feel sick. The bat closely misses you. The adder completely misses you.
You closely miss the adder. The bat hits you but does no damage.
The adder bites you.
* * * LOW HITPOINT WARNING * * *
A rat comes into view.
You hit the adder.
The adder is moderately wounded.
* * * LOW HITPOINT WARNING * * *
You feel sick. The bat hits you.
You die...

.#. !#.# ... .#.#
.... ..#### .....
.....### .. ._.K.#
##...... .>#
......##..# ..#
........
r.....b...###.#
........
#.@......##.......#
##S.......#........
#........#........
.....#####.#........
.s##### #..........
.. ##.#####... . #.#
#... #.# #... #.#
#...


You could see an adder, a bat, a kobold and a rat.

Vanquished Creatures
  4 adders (D:2)
  An ooze (D:2)
  A leopard gecko (D:1)
  A ball python (D:2)
  A giant cockroach (D:1)
  4 goblins
  4 hobgoblins
  3 jackals (D:1)
  A quokka (D:2)
  4 bats
  3 frilled lizards (D:1)
  3 kobolds (D:1)
  5 rats
35 creatures vanquished.

Notes
Turn   | Place    | Note
-------+----------+-------------------------------------------
     0 | Abyss:1  | NooBeakApe the Ogre Abyssal Knight began the quest for the Orb.
     0 | Abyss:1  | Reached XP level 1. HP: 24/24 MP: 2/2
    69 | Abyss:2  | Found an ornate altar of the Wu Jian Council.
    73 | Abyss:2  | Noticed a small abomination
    76 | Abyss:2  | Noticed a quasit
    94 | Abyss:2  | Noticed a small abomination
    94 | Abyss:2  | Noticed a blizzard demon
    94 | D:1      | Escaped the Abyss
   370 | D:1      | Reached XP level 2. HP: 32/32 MP: 3/3
   632 | D:1      | Reached * piety under Lugonu
   755 | D:1      | Reached XP level 3. HP: 37/39 MP: 4/4
  1258 | D:2      | Reached XP level 4. HP: 44/49 MP: 6/6
  1344 | D:2      | Found a shadowy altar of Dithmenos.
  1349 | D:2      | HP: 2/49 [adder (3)]
  1350 | D:2      | Slain by a bat

Vault maps used:
D:1:      scummos_arrival_star, minmay_misc_feat_x
D:2:      lemuel_round_altar, nicolae_dithmenos_shadow_blocks,
          chequers_ecumenical_altar_simple_redux, first_ration, uniq_sigmund
Abyss:1:  evilmike_abyss_exit_chaos, evilmike_abyss_exit_glass

Skill      XL: |  1  2  3  4 |
---------------+-------------+-----
Invocations    | 3 |  3.2
Polearms       | 3 |  3.0
Fighting       | |  4.5
Dodging        | |  2.5

Action                   |  1- 3 |  4- 6 || total
-------------------------+-------+-------++-------
Melee: Spear             |   114 |    28 ||   142
Invok: Depart the Abyss  |     1 |       ||     1
  Use: Potion            |       |     7 ||     7
 Stab: Sleeping          |       |     1 ||     1
  Eat: Chunk             |     1 |       ||     1
Armor: Robe              |    45 |     6 ||    51
Dodge: Dodged            |    72 |    13 ||    85

Table legend:
 A = Spawn XP
 B = Non-spawn XP
 C = Spawn XP percentage of total XP
 D = Spawn monster count
 E = Non-spawn monster count
 F = Spawn count percentage of total count
 G = Total turns spent on level
                    A         B        C        D         E        F      G
               +---------+---------+-------+---------+---------+-------+---------
         Total |       0 |     110 |   0.0 |       0 |      35 |   0.0 |  1350
               +---------+---------+-------+---------+---------+-------+---------
           D:1 |       0 |      36 |   0.0 |       0 |      21 |   0.0 |   939
           D:2 |       0 |      74 |   0.0 |       0 |      14 |   0.0 |   317
               +---------+---------+-------+---------+---------+-------+---------
